 Dungeon Sprint DCSS version 0.28-a0-697-g47f3eba078 (webtiles) character file.

Game seed: 7238393921439646175

14 mhtbhm the Chucker (level 2, -4/22 HPs)
             Began as a Human Hunter on Oct 24, 2021.
             Slain by a black bear (11 damage)
             ... in the Dungeon (Sprint IX: "|||||||||||||||||||||||||||||").
             The game lasted 00:00:28 (52 turns).

mhtbhm the Chucker (Human Hunter)                     Turns: 52, Time: 00:00:28

Health: -4/22      AC:  3    Str: 12    XL:     2   Next: 55%
Magic:  2/2        EV: 12    Int: 11    God:
Gold:   0          SH:  0    Dex: 13    Spells: 1/1 levels left

rFire   . . .      SeeInvis .   a - +0 short sword
rCold   . . .      Faith    .   (no shield)
rNeg    . . .      Spirit   .   b - +0 leather armour
rPois   .          Reflect  .   (no helmet)
rElec   .          Harm     .   (no cloak)
rCorr   .          Rampage  .   (no gloves)
Will    .....      NoTele   +   (no boots)
Stlth   +.........              (no amulet)
HPRegen 0.07/turn               (no ring)
MPRegen 0.08/turn               (no ring)

@: hasted, very quick
A: no striking features
a: no special abilities


You were in the Dungeon.
You visited 1 branch

Inventory:

Hand Weapons
 a - a +0 short sword (weapon)
Missiles
 c - a javelin (quivered)
 d - 2 throwing nets
Armour
 b - a +0 leather armour (worn)
Scrolls
 j - a scroll of blinking
Potions
 e - a potion of curing
 h - 2 potions of magic
 i - a potion of berserk rage


   Skills:
 + Level 2.2 Fighting
 + Level 0.4 Short Blades
 + Level 5.9 Throwing
 + Level 0.3 Armour
 + Level 2.2 Dodging
 - Level 1.0 Stealth


You had one spell level left.
You didn't know any spells.
Your spell library was empty.

Dungeon Overview and Level Annotations

Branches:
Dungeon (1/1)

Altars:


Message History

You kill the white imp!
The black bear bites you!
Ouch! That really hurt!
The black bear barely misses you. The black bear closely misses you.
You have reached level 2!
You feel yourself speed up.
The black bear bites you but does no damage.
The black bear claws you. x2
You see here a +0 dagger.
Throw: 4 javelins
Press: ? - help, Q - select action, (/) - cycle Shift-Dir - straight line, f/p - black bear
Aim: a black bear (heavily wounded, 68% to hit)
You throw a javelin.
The javelin closely misses the black bear.
The javelin barely misses the ogre.
You see here a bat corpse.
There is an open door to the Dungeon, spattered with blood here.
Throw: 3 javelins
Press: ? - help, Q - select action, (/) - cycle Shift-Dir - straight line, f/p - black bear
Aim: a black bear (heavily wounded, 68% to hit)
You throw a javelin.
The javelin pierces through the black bear!
The black bear is almost dead.
The javelin pierces through the ogre but does no damage.
The ogre is heavily wounded.
The black bear goes berserk!
Unknown command.
Throw: 2 javelins
Press: ? - help, Q - select action, (/) - cycle Shift-Dir - straight line, f/p - black bear
Aim: a black bear (almost dead, berserk, 68% to hit)
You throw a javelin.
The javelin pierces through the black bear.
The black bear is almost dead.
The javelin pierces through the ogre!
The ogre is almost dead.
The black bear rages.
Unknown command.
The black bear bites you!
Ouch! That really hurt!
You die...

▓(▓
▓'▓
▓.▓
▓.▓
▓.▓
▓)▓
▓O▓
▓h▓
▓@▓
▓.▓
▓.▓
▓<▓
▓▓▓


You could see a black bear (berserk) and an ogre.

Vanquished Creatures
  A white imp (D)
  A giant cockroach (D)
  A goblin (D)
  2 ball python skeletons (D)
  2 bats (D)
  A rat (D)
8 creatures vanquished.

Notes
Turn   | Place    | Note
-------+----------+-------------------------------------------
     0 | D        | mhtbhm the Human Hunter began the quest for the Orb.
     0 | D        | Reached XP level 1. HP: 16/16 MP: 1/1
    13 | D        | Reached skill level 5 in Throwing
    39 | D        | Noticed an ogre
    39 | D        | Noticed a black bear
    43 | D        | Reached XP level 2. HP: 11/22 MP: 2/2
    52 | D        | Slain by a black bear

Illustrated notes

Levels and vault maps discovered:
D:        linesprint [early_d, line_temple, items_1, d_10, items_2, lair_1,
          lair_end, items_3, orc_1, orc_end, items_4, d_15, swamp_1, shoals_1,
          snake_1, spider_1, d_20, vaults_1, items_5, swamp_end, shoals_end,
          snake_end, spider_end, vaults_end, d_27, items_6, zot_1, zot_end,
          crypt_end, forest_end, elf_end, slime_end, tomb_end, abyss_end,
          pan_hell_end]

Skill      XL: |  1 |
---------------+----+-----
Throwing       | 5 |  5.9
Fighting       | |  2.2
Short Blades   | |  0.4
Armour         | |  0.3
Dodging        | |  2.2
Stealth        | |  1.0

Action                   || total
-------------------------++-------
Melee: Short sword       ||     5
Throw: Javelin           ||    10
  Use: Potion            ||     2
Armor: Leather armour    ||     9
Dodge: Dodged            ||    12

Table legend: (Time is in decaauts)
 A = Elapsed time spent in this place.
 B = Non-inter-level travel time spent in this place.
 C = Inter-level travel time spent in this place.
 D = Time resting spent in this place.
 E = Time spent auto-exploring this place.
 F = Levels seen in this place.
 G = Mean time per level.
                   A        B        C        D        E       F      G
               +--------+--------+--------+--------+--------+-----+--------+
         Total |     52 |     52 |      0 |     18 |      0 |   1 |   52.0 |
       Dungeon |     52 |     52 |      0 |     18 |      0 |   1 |   52.0 |
               +--------+--------+--------+--------+--------+-----+--------+

Top non-repeatable levels by time:
       D: 52 daAuts
